 Dungeon Crawl Stone Soup version 0.25-a0-10-g2fe12d4386 (webtiles) character file.

Game seed: 11260573657235317144, levelgen mode: deterministic

67 MalarOregon the Magician (level 3, 0/29 HPs)
             Began as a Draconian Wizard on Oct 15, 2019.
             Killed from afar by Sigmund (7 damage)
             ... with a magic dart
             ... on level 2 of the Dungeon.
             The game lasted 00:03:08 (1837 turns).

MalarOregon the Magician (Draconian Wizard)         Turns: 1837, Time: 00:03:09

Health: 0/29       AC:  5    Str:  9    XL:     3   Next: 98%
Magic:  0/7        EV: 12    Int: 19    God:
Gold:   146        SH:  0    Dex:  9    Spells: 0/8 levels left

rFire    . . .     SeeInvis .   j - +0 hunting sling
rCold    . . .     Gourm    .   (no shield)
rNeg     + . .     Faith    .   (armour unavailable)
rPois    .         Spirit   .   a - +0 hat
rElec    .         Reflect  .   (no cloak)
rCorr    .         Harm     .   (no gloves)
MR       .....                  (no boots)
Stlth    ++........             (no amulet)
HPRegen  0.09/turn              o - ring of positive energy
MPRegen  0.10/turn              (no ring)

@: very slightly contaminated
A: unfitting armour, cold-blooded, AC +5
a: no special abilities


You were on level 2 of the Dungeon.
You were not hungry.

You visited 1 branch of the dungeon, and saw 2 of its levels.

You collected 146 gold pieces.

Inventory:

Hand Weapons
 j - a +0 hunting sling (weapon)
   (You found it on level 1 of the Dungeon)
Missiles
 k - 42 stones (quivered)
 n - 19 arrows
Armour
 a - a +0 hat (worn)
 q - a +0 buckler
   (You found it on level 2 of the Dungeon)
Jewellery
 o - a ring of positive energy (left hand)
   (You took it off a hobgoblin on level 2 of the Dungeon)
Scrolls
 b - a scroll of magic mapping {unknown}
 c - a scroll of identify {unknown}
 d - a scroll of amnesia {unknown}
 f - 2 scrolls of enchant armour {unknown}
 m - a scroll of noise {unknown}
 p - a scroll of immolation {unknown}
Potions
 g - 2 potions of degeneration {unknown}
 i - a potion of lignification {unknown}
 l - a potion of haste {unknown}
Comestibles
 e - 4 rations {!d}
 h - a chunk of flesh


   Skills:
 * Level 1.7 Fighting
 * Level 2.6 Dodging
 - Level 1.7 Stealth
 + Level 0.0 Shields
 * Level 3.4 Spellcasting
 + Level 1.7 Conjurations
 + Level 1.0 Summonings
 + Level 1.0 Translocations
 + Level 0.0 Air Magic
 + Level 0.0 Poison Magic


You couldn't memorise any spells.
You knew the following spells:

 Your Spells              Type           Power        Failure   Level  Hunger
a - Magic Dart            Conj           #...         7%          1    None
b - Blink                 Tloc           N/A          14%         2    ##.....
f - Mephitic Cloud        Conj/Pois/Air  #.......     34%         3    ###....
x - Call Imp              Summ           #.......     14%         2    ##.....

Your spell library contained the following spells:

 Spells                   Type           Power        Failure   Level  Hunger
 Slow                     Hex            #.......     22%         2    ##.....
 Conjure Flame            Conj/Fire      #.......     30%         3    ###....


Dungeon Overview and Level Annotations

Branches:
Dungeon (2/15)

Altars:
Ashenzari
Okawaru

Annotations:
D:2 Sigmund


Innate Abilities, Weirdness & Mutations

Your plain brown scales are hard. (AC +5)
You cannot fit into any form of body armour.
You are cold-blooded and may be slowed by cold attacks.


Message History

The magic dart hits Sigmund.
Aim: Sigmund, wielding a +0 scythe and wearing a +0 robe (moderately wounded)
The magic dart hits Sigmund.
Sigmund gestures at you while chanting. The puff of flame misses you.
Aim: Sigmund, wielding a +0 scythe and wearing a +0 robe (moderately wounded)
The magic dart hits Sigmund.
Sigmund gestures at you while chanting. You resist with significant effort.
Aim: Sigmund, wielding a +0 scythe and wearing a +0 robe (heavily wounded)
You miscast Magic Dart.
You are very lightly contaminated with residual magic.
Wisps of smoke drift from your hands.
Sigmund screams, "Die, monster!"
Aim: Sigmund, wielding a +0 scythe and wearing a +0 robe (heavily wounded)
The magic dart hits Sigmund.
Aim: Sigmund, wielding a +0 scythe and wearing a +0 robe (heavily wounded)
The magic dart hits Sigmund.
Aim: Sigmund, wielding a +0 scythe and wearing a +0 robe (heavily wounded)
The magic dart hits Sigmund but does no damage.
Sigmund gestures at you while chanting. The magic dart hits you.
You don't have enough magic to cast that spell.
Firing (i - inventory)
k - 47 stones (quivered)
Aim: Sigmund, wielding a +0 scythe and wearing a +0 robe (heavily wounded)
You shoot a stone. The stone closely misses Sigmund.
Sigmund closely misses you.
Firing (i - inventory)
k - 46 stones (quivered)
Aim: Sigmund, wielding a +0 scythe and wearing a +0 robe (heavily wounded)
You shoot a stone. The stone hits Sigmund.
Sigmund hits you from afar with a +0 scythe.
Aim: Sigmund, wielding a +0 scythe and wearing a +0 robe (heavily wounded)
The magic dart hits Sigmund but does no damage.
Sigmund misses you.
Firing (i - inventory)
k - 45 stones (quivered)
Aim: Sigmund, wielding a +0 scythe and wearing a +0 robe (heavily wounded)
You shoot a stone. The stone closely misses Sigmund.
Sigmund hits you from afar with a +0 scythe!
Firing (i - inventory)
k - 44 stones (quivered)
Aim: Sigmund, wielding a +0 scythe and wearing a +0 robe (heavily wounded)
You shoot a stone. The stone hits Sigmund.
Firing (i - inventory)
k - 43 stones (quivered)
Aim: Sigmund, wielding a +0 scythe and wearing a +0 robe (severely wounded)
You shoot a stone. The stone hits Sigmund.
Sigmund gestures at you while chanting. The magic dart hits you!
* * * LOW HITPOINT WARNING * * *
Sigmund points at you and mumbles some strange words.
The magic dart hits you!
You die...

#######.#.### #........_..####
##.......#.#....#
###...#......##...#
.....###.....##...#
.............##...# ########
...#.).).#....#...# #.......
..##.._..##...#...# #.......
...#.).).#......@.# #.......
.............<....# #.......
.....###...##.....#### #.......
......#...####.@.....# ###...<...
........)............###......#..
>..).................##......####
......................)..รท....#
#
.......#......................###
.......#..((.....##.##.......).##


You could see Sigmund.

Vanquished Creatures
  3 adders (D:2)
  A worm (D:2)
  2 leopard geckos (D:1)
  7 hobgoblins
  4 jackals (D:1)
  4 kobolds
  A quokka (D:2)
  3 bats
  2 frilled lizards (D:1)
  3 goblins (D:2)
  5 rats
35 creatures vanquished.

Notes
Turn   | Place    | Note
-------+----------+-------------------------------------------
     0 | D:1      | MalarOregon the Draconian Wizard began the quest for the
                  | Orb.
     0 | D:1      | Reached XP level 1. HP: 14/14 MP: 4/4
   254 | D:1      | Reached XP level 2. HP: 15/22 MP: 3/6
   592 | D:1      | Reached skill level 1 in Fighting
  1174 | D:2      | Reached XP level 3. HP: 20/28 MP: 7/7
  1567 | D:2      | Found an iron altar of Okawaru.
  1614 | D:2      | Noticed Sigmund
  1746 | D:2      | Learned a level 2 spell: Blink
  1749 | D:2      | Learned a level 2 spell: Call Imp
  1753 | D:2      | Learned a level 3 spell: Mephitic Cloud
  1754 | D:2      | Found a shattered altar of Ashenzari.
  1837 | D:2      | Killed from afar by Sigmund

Levels and vault maps discovered:
D:1:      ncdulo_lavacross, layout_basic, st_stairs_12
D:2:      layout_rooms, okawaru_ov_weapons_minmay, old_standard_altar,
          lemuel_crystal_altar, uniq_sigmund

Skill      XL: |  1  2 |
---------------+-------+-----
Dodging        | 2 |  2.6
Fighting       | 1 |  1.7
Stealth        | |  1.7
Spellcasting   | |  3.4
Conjurations   | |  1.7
Summonings     | |  1.0
Translocations | |  1.0

Action                   || total
-------------------------++-------
Melee: Dagger            ||    39
       Tailslap          ||     2
 Fire: Hunting sling     ||    62
 Cast: Magic Dart        ||    52
  Eat: Chunk             ||     3
Armor: Skin              ||    18
Dodge: Dodged            ||    58

Table legend:
 A = Non-vault XP
 B = Vault XP
 C = Vault XP percentage of total XP
 D = Non-vault monster count
 E = Vault monster count
 F = Vault count percentage of total count
                 A         B        C        D         E       F
            +---------+---------+-------+---------+---------+-------
      Total |      95 |       1 |   1.0 |      34 |       1 |   2.9
            +---------+---------+-------+---------+---------+-------
        D:1 |      33 |       1 |   2.9 |      19 |       1 |   5.0
        D:2 |      62 |       0 |   0.0 |      15 |       0 |   0.0
            +---------+---------+-------+---------+---------+-------
